Map: Waterfall

Players

Oberoth

  • Race: Protoss Protoss
  • Spawn Location: 1:00

Creature - Winner!

  • Race: Protoss Protoss
  • Spawn Location: 7:00

Event: DreamHack SC2 Masters 2022 Atlanta (Offline)

VOD

Have the link to the VOD?

Description

Time

  • Played on: Nov. 18, 2022, 11:16 a.m.
  • Length: 10:02

All games in this series

Show
View Real Time Build Order
Export as new Build Order

Oberoth Protoss 

Build Orders: Oracle Opening 

Get SALT Encoding   

  12  0:00  Probe  
  13  0:12  Probe  
  14  0:18  Pylon  
  14  0:24  Probe (Chrono Boost)  
  15  0:37  Probe (Chrono Boost), Gateway  
  16  0:45  Probe (Chrono Boost)  
  16  0:46  Assimilator  
  17  0:51  Probe  
  17  0:55  Assimilator  
  18  1:03  Probe  
  19  1:09  Gateway  
  19  1:15  Probe (Chrono Boost)  
  20  1:25  Probe (Chrono Boost)  
  21  1:26  Cybernetics Core  
  21  1:30  Probe (Chrono Boost)  
  22  1:37  Pylon  
  22  1:45  Probe  
  23  2:05  Stargate  
  23  2:10  Cybernetics Core  
  23  2:11  Probe  
  23  2:14  Pylon  
  24  2:29  Pylon  
  23  2:32  Stalker  
  23  2:35  Stalker  
  27  2:38  Warp Gate  
  27  2:45  Oracle (Chrono Boost)  
  30  3:07  Nexus  
  30  3:10  Probe  
  31  3:18  Oracle (Chrono Boost)  
  31  3:23  Probe  
  35  3:52  Probe  
  35  3:53  Shield Battery  
  36  3:56  Oracle  
  39  4:04  Twilight Council  
  39  4:18  Probe  
  39  4:20  Probe  
  41  4:28  Stalker x2  
  41  4:30  Probe  
  46  4:32  Probe  
  47  4:41  Blink (Chrono Boost)  
  47  4:43  Probe  
  47  4:44  Probe  
  49  4:50  Gateway  
  49  4:55  Probe  
  49  4:56  Probe  
  51  5:01  Pylon  
  51  5:07  Probe  
  51  5:08  Probe  
  51  5:14  Gateway  
  53  5:16  Gateway  
  53  5:19  Probe, Pylon  
  53  5:20  Stalker  
  56  5:21  Sentry  
  56  5:23  Probe  
  59  5:31  Probe  
  59  5:32  Pylon  
  59  5:34  Assimilator  
  59  5:35  Probe  
  61  5:40  Pylon  
  61  5:43  Robotics Facility  
  61  5:44  Probe  
  61  5:47  Probe  
  63  5:53  Stalker x2  
  63  5:56  Probe  
  65  6:02  Stalker  
  67  6:09  Stalker  
  69  6:17  Nexus  
  69  6:26  Probe  
  69  6:27  Stalker x2  
  74  6:37  Stalker x2  
  78  6:40  Probe  
  78  6:41  Probe  
  78  6:44  Pylon  
  80  6:48  Stalker  
  80  6:52  Probe  
  80  6:54  Charge  
  83  6:58  Stalker  
  83  6:59  Probe  
  86  7:02  Pylon  
  86  7:06  Probe  
  86  7:08  Stalker  
  89  7:18  Stalker x2  
  89  7:21  Stalker  
  90  7:53  Probe  
  90  7:54  Stalker x5  
  90  7:58  Probe  
  102  8:00  Probe  
  103  8:06  Assimilator  
  103  8:09  Gateway x2  
  103  8:12  Gateway  
  103  8:15  Gateway  
  103  8:18  Zealot x4  
  111  8:21  Observer, Gateway  
  111  8:25  Probe  
  114  8:30  Zealot  
  114  8:33  Pylon x2  
  115  8:34  Pylon  
  115  8:44  Zealot  
  117  8:50  Pylon  
  117  8:51  Zealot x4  
  117  8:52  Pylon  
  117  8:54  Warp Prism  
  127  9:05  Pylon  
  127  9:08  Templar Archives  
  127  9:16  Pylon  
  126  9:25  Zealot  
  126  9:26  Zealot x5  
  138  9:41  Zealot x4  
  138  9:43  Probe  
  147  9:48  High Templar x2  
  147  9:49  High Templar x3  
  151  9:53  Archon x2  
Show
View Real Time Build Order
Export as new Build Order

Creature Protoss - Winner!

Build Orders:  

Get SALT Encoding   

  12  0:00  Probe  
  13  0:12  Probe  
  14  0:17  Pylon  
  14  0:24  Probe  
  15  0:36  Gateway  
  15  0:38  Probe (Chrono Boost)  
  16  0:47  Probe (Chrono Boost)  
  16  0:48  Assimilator  
  17  0:52  Probe (Chrono Boost)  
  18  1:04  Probe  
  19  1:16  Probe  
  20  1:24  Cybernetics Core  
  20  1:27  Zealot  
  20  1:32  Pylon  
  22  1:34  Probe  
  23  1:43  Assimilator  
  23  1:47  Probe  
  23  1:58  Stalker (Chrono Boost)  
  25  2:04  Warp Gate (Chrono Boost)  
  25  2:06  Probe  
  26  2:18  Probe  
  26  2:21  Stalker  
  29  2:36  Pylon  
  29  2:38  Gateway  
  29  2:49  Nexus  
  29  2:54  Sentry  
  29  2:55  Probe  
  32  3:01  Twilight Council  
  32  3:07  Probe  
  33  3:19  Shield Battery  
  34  3:20  Probe  
  34  3:24  Shield Battery  
  34  3:32  Probe  
  33  3:47  Stalker  
  35  3:53  Stalker  
  37  4:01  Probe (Chrono Boost)  
  38  4:03  Probe (Chrono Boost)  
  39  4:12  Probe (Chrono Boost), Blink (Chrono Boost)  
  39  4:13  Probe (Chrono Boost)  
  41  4:19  Probe  
  42  4:24  Probe  
  42  4:29  Stalker  
  45  4:33  Probe  
  45  4:36  Stalker  
  48  4:43  Probe, Pylon  
  50  4:45  Probe  
  50  4:55  Probe  
  50  4:56  Stalker  
  50  4:57  Probe  
  54  5:07  Robotics Facility, Probe  
  54  5:09  Probe  
  54  5:11  Stalker  
  58  5:17  Gateway  
  59  5:21  Probe  
  59  5:22  Probe, Pylon  
  59  5:28  Gateway  
  60  5:33  Probe  
  60  5:35  Probe  
  62  5:41  Stalker, Assimilator  
  64  5:43  Stalker  
  64  5:45  Probe  
  66  5:54  Probe  
  67  6:00  Nexus  
  67  6:03  Pylon  
  67  6:07  Charge (Chrono Boost)  
  67  6:09  Stalker  
  69  6:18  Probe  
  70  6:21  Probe  
  70  6:22  Forge  
  70  6:27  Assimilator  
  70  6:29  Stalker x2  
  74  6:43  Gateway  
  74  6:46  Probe, Gateway  
  75  6:53  Protoss Ground Weapons Level 1 (Chrono Boost)  
  75  6:57  Stalker  
  77  7:01  Pylon  
  77  7:02  Pylon  
  77  7:03  Probe  
  78  7:09  Gateway  
  78  7:13  Gateway  
  78  7:18  Shield Battery  
  78  7:19  Probe  
  78  7:22  Templar Archives  
  79  7:23  Probe  
  79  7:27  Stalker  
  82  7:30  Stalker  
  82  7:35  Stalker  
  86  7:38  Stalker  
  86  7:43  Zealot x2  
  92  7:51  Stalker  
  90  7:55  Zealot, Pylon  
  92  8:00  Observer  
  92  8:01  Probe  
  92  8:02  Probe  
  92  8:03  Probe  
  96  8:06  Sentry  
  96  8:07  Zealot x2  
  102  8:13  Probe  
  102  8:16  Probe  
  102  8:19  Probe  
  105  8:20  Warp Prism (Chrono Boost)  
  105  8:22  High Templar x2  
  105  8:26  Zealot x2  
  115  8:27  Archon  
  115  8:30  Probe  
  115  8:33  Pylon  
  116  8:34  Pylon  
  116  8:50  Pylon  
  116  8:55  High Templar  
  116  8:56  High Templar  
  116  8:57  Zealot x5  
  116  9:01  Archon  
  130  9:03  Zealot  
  130  9:09  Pylon  
  132  9:11  Pylon  
  132  9:22  Zealot x5  
  132  9:23  Probe  
  137  9:42  Zealot x2  
  137  9:43  Zealot x5  
  137  9:45  Probe  
  152  9:47  Zealot  
Tags
 
Add a new tag
Caveats
  • Supply blocks, unpowered buildings, or Contaminate may cause inaccurate times.
  • Supply counts are checked every 10 seconds.